 Dungeon Crawl Stone Soup version 0.25-a0-489-g9ae84a0 (webtiles) character file.

Game seed: 3482772079252900732, levelgen mode: deterministic

319 Faels the Chopper (level 6, -1/48 HPs)
             Began as a Vampire Fighter on Feb 11, 2020.
             Slain by a scorpion (4 damage)
             ... on level 4 of the Dungeon.
             The game lasted 00:05:22 (2618 turns).

Faels the Chopper (Vampire Fighter)                 Turns: 2618, Time: 00:05:23

Health: -1/48      AC:  6    Str: 17    XL:     6   Next: 21%
Magic:  6/6        EV: 11    Int: 11    God:
Gold:   69         SH:  9    Dex: 18    Spells: 5/5 levels left

rFire    . . .     SeeInvis +   a - +0 war axe
rCold    . . .     Gourm    .   c - +0 kite shield
rNeg     . . .     Faith    .   b - +0 scale mail
rPois    .         Spirit   .   (no helmet)
rElec    .         Reflect  .   (no cloak)
rCorr    .         Harm     .   (no gloves)
MR       .....                  (no boots)
Stlth    +.........             (no amulet)
HPRegen  0.36/turn              (no ring)
MPRegen  0.10/turn              (no ring)

@: agile, lethally poisoned (-1 -> -16), regenerating quickly
A: no food, fangs 3, see invisible, unbreathing
a: Exsanguinate


You were on level 4 of the Dungeon.
You were alive.

You visited 1 branch of the dungeon, and saw 4 of its levels.

You collected 69 gold pieces.

Inventory:

Hand Weapons
 a - a +0 war axe (weapon)
Missiles
 i - 2 javelins
 l - 30 poisoned darts (quivered)
 o - 2 boomerangs
Armour
 b - a +0 scale mail (worn)
 c - a +0 kite shield (worn)
Jewellery
 h - an uncursed ring of fire {unknown}
Wands
 j - a wand of polymorph (3)
Scrolls
 d - a scroll of identify {unknown}
 e - a scroll of enchant weapon {unknown}
 f - a scroll of enchant armour {unknown}
 g - a scroll of remove curse {unknown}
 k - a scroll of teleportation {unknown}
 n - a scroll of fear {unknown}
 p - a scroll of immolation {unknown}


   Skills:
 + Level 4.2 Fighting
 * Level 5.0 Axes
 + Level 0.4 Throwing
 - Level 2.4 Armour
 - Level 2.6 Shields


You had 5 spell levels left.
You didn't know any spells.
Your spell library contained the following spells:

 Spells                   Type           Power        Failure   Level  Hunger
 Animate Skeleton         Necr           N/A          99%         1    N/A
 Apportation              Tloc           #.....       99%         1    N/A
 Corona                   Hex            #......      99%         1    N/A
 Summon Small Mammal      Summ           #...         99%         1    N/A

Dungeon Overview and Level Annotations

Branches:
Dungeon (4/15)
 Temple: D:4-7

Altars:
Hepliaklqana
Kikubaaqudgha
Qazlal
Trog
Vehumet

Annotations:
D:2 2 transporters
D:3 2 transporters, Mango's ghost, amateur DDNe


Innate Abilities, Weirdness & Mutations

You do not eat.
Your natural rate of healing is unusually fast.
You have razor-sharp teeth.
You have supernaturally acute eyesight. (SInv)
You can survive without breathing.


Message History

You barely miss the scorpion.
The scorpion is severely wounded.
You feel sick. The scorpion stings you.
* * * LOW HITPOINT WARNING * * *
The scorpion stings you but does no damage.
You hit the scorpion.
The scorpion is severely wounded.
You feel sick. You block the scorpion's attack.
It was a potion of agility.
You feel agile all of a sudden.
You feel sick. The scorpion stings you.
* * * LOW HITPOINT WARNING * * *
You are lethally poisoned!
The scorpion poisons you!
You barely miss the scorpion.
The scorpion is severely wounded.
* * * LOW HITPOINT WARNING * * *
You feel very sick. The scorpion stings you.
You die...

............#
##...............#
...............###
.............###
..$............##
........####....#
....... ###....##
.......##.....##
......s@.....##
...........###
........#..#
.......#####
.....#. ....###
..#. ..#


You could see a scorpion.

Vanquished Creatures
  Sigmund (D:3)
  An orc wizard (D:3)
  A worker ant (D:4)
  6 adders
  A dart slug (D:2)
  2 leopard geckos (D:1)
  8 orcs (D:3)
  2 ball pythons
  3 bats
  5 giant cockroaches
  2 goblins (D:1)
  7 hobgoblins
  5 kobolds
  A quokka (D:3)
  6 frilled lizards
  5 rats
56 creatures vanquished.

Notes
Turn   | Place    | Note
-------+----------+-------------------------------------------
     0 | D:1      | Faels the Vampire Fighter began the quest for the Orb.
     0 | D:1      | Reached XP level 1. HP: 17/17 MP: 1/1
    14 | D:1      | Reached skill level 2 in Axes
   262 | D:1      | Reached XP level 2. HP: 21/23 MP: 2/2
   853 | D:2      | Found a stormy altar of Qazlal.
   937 | D:2      | Found an ancient bone altar of Kikubaaqudgha.
  1008 | D:2      | Reached XP level 3. HP: 7/29 MP: 3/3
  1127 | D:2      | Reached skill level 3 in Axes
  1128 | D:2      | Found a radiant altar of Vehumet.
  1233 | D:2      | Found a transporter.
  1244 | D:2      | Found a transporter.
  1250 | D:2      | Noticed an orc warrior
  1253 | D:2      | Found a hazy altar of Hepliaklqana.
  1489 | D:2      | Found a bloodstained altar of Trog.
  1794 | D:3      | Reached XP level 4. HP: 35/35 MP: 4/4
  1875 | D:3      | Noticed Sigmund
  1881 | D:3      | Killed Sigmund
  1881 | D:3      | Reached skill level 4 in Axes
  1881 | D:3      | Reached XP level 5. HP: 30/42 MP: 5/5
  1918 | D:3      | Noticed Mango's ghost (amateur DDNe)
  1919 | D:3      | Noticed an ogre
  1920 | D:3      | Found a transporter.
  1921 | D:3      | Noticed an ogre
  1922 | D:3      | Found a transporter.
  2135 | D:3      | Found a faded altar of an unknown god.
  2171 | D:3      | Reached XP level 6. HP: 47/48 MP: 6/6
  2469 | D:4      | Reached skill level 5 in Axes
  2618 | D:4      | Slain by a scorpion

Levels and vault maps discovered:
D:1:      dpeg_arrival_pits, layout_basic
D:2:      wander_river, layout_basic, lightli_temple_of_fire,
          old_standard_altar, lemuel_crystal_altar,
          gammafunk_temple_overflow_arena
D:3:      layout_loops_ring, gammafunk_ghost_smash,
          chequers_ecumenical_altar_island, uniq_sigmund
D:4:      layout_cave_pools, first_ration, kennysheep_generic_room_4

Skill      XL: |  1  2  3  4  5  6 |
---------------+-------------------+-----
Axes           | 2 3 4 5 |  5.0
Fighting       | 3 4 |  4.2
Throwing       | |  0.4
Armour         | |  2.4
Shields        | |  2.6

Action                   |  1- 3 |  4- 6 || total
-------------------------+-------+-------++-------
Melee: War axe           |    99 |    89 ||   188
       Bite              |     3 |     6 ||     9
  Use: Potion            |     1 |     1 ||     2
Armor: Scale mail        |    35 |    41 ||    76
Dodge: Dodged            |    28 |    21 ||    49
Block: Kite shield       |    50 |    46 ||    96

Table legend:
 A = Non-vault XP
 B = Vault XP
 C = Vault XP percentage of total XP
 D = Non-vault monster count
 E = Vault monster count
 F = Vault count percentage of total count
                 A         B        C        D         E       F
            +---------+---------+-------+---------+---------+-------
      Total |     245 |     212 |  46.4 |      55 |       1 |   1.8
            +---------+---------+-------+---------+---------+-------
        D:1 |      25 |       0 |   0.0 |      13 |       0 |   0.0
        D:2 |      51 |       0 |   0.0 |      18 |       0 |   0.0
        D:3 |     120 |     212 |  63.9 |      22 |       1 |   4.3
        D:4 |      49 |       0 |   0.0 |       2 |       0 |   0.0
            +---------+---------+-------+---------+---------+-------
